 Dungeon Crawl Stone Soup version 0.31-a0-234-gad7ace16ef (webtiles) character file.

Game seed: 6538311400548684628

8029 qw the Skirmisher (level 11, 0/97 HPs)
             Began as a Minotaur Hexslinger on July 9, 2023.
             Was an Elder of Okawaru.
             Slain by a death yak (20 damage)
             ... on level 1 of the Lair of Beasts.
             The game lasted 00:04:26 (8616 turns).

qw the Skirmisher (Minotaur Hexslinger)             Turns: 8616, Time: 00:04:27

Health: 0/97       AC:  6    Str: 15    XL:     11   Next: 4%
Magic:  12/13      EV: 24    Int: 10    God:    Okawaru [****..]
Gold:   390        SH:  0    Dex: 17    Spells: 11/12 levels left

rFire   . . .        m - +0 orcbow
rCold   + . .        (shield currently unavailable)
rNeg    . . .        g - +2 robe {rC+}
rPois   .            (helmet restricted)
rElec   .            (no cloak)
rCorr   .            e - +0 pair of gloves
SInv    .            (no boots)
Will    .....        b - amulet of regeneration
Stlth   +++          d - ring of the Elephant {Wiz Str+2}
HPRegen 1.16/turn    f - +5 ring of evasion
MPRegen 0.13/turn

%: wizardry (x1)
@: heroic
A: horns 2, retaliatory headbutt
a: Renounce Religion, Heroism, Finesse


You were on level 1 of the Lair of Beasts.
You worshipped Okawaru.
Okawaru was greatly pleased with you.
You visited 2 branches of the dungeon, and saw 10 of its levels.
You also visited: Sewer.

You collected 390 gold pieces.


Innate Abilities, Weirdness & Mutations

You have a pair of horns on your head.
You reflexively headbutt those who attack you in melee.


   Skills:
 + Level 9.6(14.6) Fighting
 - Level 14.0(19.0) Ranged Weapons
 - Level 3.1(8.1) Armour
 - Level 7.0(12.0) Dodging
 - Level 1.0 Spellcasting
 - Level 2.0 Hexes
 + Level 4.1 Invocations


You had 11 spell levels left.
You knew the following spells:

 Your Spells              Type           Power      Damage    Failure   Level
a - Slow                  Hex            16%        N/A       6%          1

Your spell library contained the following spells:

 Spells                   Type           Power      Damage    Failure   Level
 Inner Flame              Hex/Fire       2%         N/A       26%         3
 Portal Projectile        Hex/Tloc       4%         N/A       26%         3
 Cause Fear               Hex            2%         N/A       50%         4

Inventory:

Hand Weapons
 m - a +0 orcbow (weapon)
Armour
 e - a +0 pair of gloves (worn)
 g - a +2 robe of cold resistance (worn)
 j - +0 steam dragon scales
Jewellery
 b - an amulet of regeneration (around neck)
 d - the ring of the Elephant (left hand) {Wiz Str+2}
   (You found it in a sewer)

   [ring of wizardry]

   It improves your spell success rate.
   Str:       It affects your strength (+2).
 f - a +5 ring of evasion (right hand)
Scrolls
 a - a scroll of identify
Potions
 c - a potion of might
 h - 2 potions of mutation
 k - a potion of magic
 l - a potion of curing

Dungeon Overview and Level Annotations

Branches:
Dungeon (9/15)             Temple (0/1) D:5            Lair (1/5) D:9
  Sewer (visited)
    Orc: D:9-12

Altars:
Fedhas
Gozag
Okawaru
Qazlal
Zin
The Shining One

Shops:
D:2 =

Annotations:
D:8 1 runed translucent door, qw's ghost, novice GrHs


Message History

The arrow hits the death yak but does no damage.
The death yak is almost dead.
The death yak misses you. You furiously retaliate!
You headbutt the death yak!
You kill the death yak!
Okawaru is honoured by your kill.
You can now speed up your combat.
The death yak completely misses you. You furiously retaliate!
You headbutt the death yak, but do no damage.
The death yak completely misses you.
You have reached level 11!
You shoot an arrow. The arrow hits the death yak!
The death yak is lightly wounded.
You shoot an arrow.
The arrow hits the death yak but does no damage.
The death yak is lightly wounded.
The death yak gores you. The death yak gores you!
You shoot an arrow. The arrow hits the death yak!
The death yak is moderately wounded.
The death yak misses you. The death yak gores you!
You shoot an arrow. The arrow hits the death yak!
The death yak is heavily wounded.
You shoot an arrow.
The arrow hits the death yak but does no damage.
The death yak is heavily wounded.
The death yak closely misses you. The death yak barely misses you.
You shoot an arrow. The arrow barely misses the death yak.
The death yak gores you! The death yak completely misses you.
You shoot an arrow. The arrow hits the death yak!
The death yak is heavily wounded.
You shoot an arrow. The arrow hits the death yak.
The death yak is severely wounded.
The death yak gores you!! The death yak closely misses you.
You furiously retaliate!
You headbutt the death yak! You shoot an arrow.
The arrow hits the death yak but does no damage.
The death yak is severely wounded.
The death yak misses you. The death yak gores you.
You shoot an arrow. The arrow hits the death yak!!
The death yak is almost dead.
The death yak gores you!!
You die...

....## ##...# #.........
.....#####....## ##...#.....
####.........#.###...######.
##.....#P.....#....#
#......##......<...#
##.....###..#.#....# #....##
#..##...#...# #....#
#..##..###...# #...##
P...#@%# ..... #...#
#...#YY## ....# #...# #.
..... ...# #...# ........
....###.... ...# ####.. ...
#.P .. .##


You could see 2 death yaks.

Vanquished Creatures
  Erolcha (D:9)
  A two-headed ogre (D:9)
  A death yak (Lair:1)
  Pikel (D:9)
  Joseph (D:7)
  Psyche (D:9)
  A troll (D:9)
  A hornet (D:7)
  2 wyverns
  A wraith (D:9)
  10 yaks
  A steam dragon (D:7)
  A water moccasin (D:7)
  3 sky beasts
  An ice beast (D:5)
  2 orc warriors
  4 black bears
  An ogre (D:4)
  A phantom (D:6)
  3 kobold brigands
  4 bullfrogs
  A gnoll sergeant (D:6)
  3 scorpions
  2 howler monkeys (D:9)
  A jelly (D:6)
  A gnoll bouda (D:9)
  3 hounds
  10 orc priests
  3 iguanas
  8 orc wizards
  3 gnolls (D:9)
  6 adders
  A river rat (D:3)
  A shadow imp (D:6)
  3 white imps
  26 orcs
  14 ball pythons
  8 endoplasms
  14 giant cockroaches
  6 goblins
  5 hobgoblins
  4 jackals
  22 kobolds
  7 quokkas
  6 bats
  11 frilled lizards
  12 rats
223 creatures vanquished.

Notes
Turn   | Place    | Note
-------+----------+-------------------------------------------
     0 | D:1      | qw the Minotaur Hexslinger began the quest for the Orb.
     0 | D:1      | Reached XP level 1. HP: 16/16 MP: 1/1
     0 | D:1      | 0 ||| qw: Version: 0.3-a-51-g015441d
     0 | D:1      | 0 ||| qw: Game counter: 4105
     0 | D:1      | 0 ||| qw: Melee chars always use a shield: true
     0 | D:1      | 0 ||| qw: God list: Okawaru
     0 | D:1      | 0 ||| qw: Allow faded altars: false
     0 | D:1      | 0 ||| qw: Do Orc after clearing Dungeon:15 true
     0 | D:1      | 0 ||| qw: Do second Lair branch before Depths: true
     0 | D:1      | 0 ||| qw: Lair rune preference: random
     0 | D:1      | 0 ||| qw: Goals: Normal
     0 | D:1      | 0 ||| PLANNING D:1-11
   224 | D:1      | Reached skill level 3 in Ranged Weapons
   226 | D:1      | Reached XP level 2. HP: 23/23 MP: 2/2
   504 | D:1      | 504 ||| UPGRADING to +0 pair of gloves.
   521 | D:1      | 521 ||| UPGRADING to +0 ring mail.
   531 | D:1      | 531 ||| DROPPING +0 robe.
   573 | D:1      | You fall into a shaft and drop 1 floor!
   576 | D:2      | 576 ||| READING scroll labelled UNE CUATOIXUC.
   578 | D:2      | 578 ||| FLEEEEING.
   580 | D:2      | Reached XP level 3. HP: 29/29 MP: 3/3
   586 | D:2      | 586 ||| FLEEEEING.
   596 | D:2      | 596 ||| READING scroll labelled TABBAR HOT XYI.
   597 | D:2      | 597 ||| DROPPING scroll of poison.
   602 | D:2      | 602 ||| FLEEEEING.
   603 | D:2      | 603 ||| FLEEEEING.
   604 | D:2      | 604 ||| STAIRDANCE
  1102 | D:1      | 1102 ||| READING scroll labelled KULEUCO DAAZE.
  1131 | D:2      | 1131 ||| STAIRDANCE
  1137 | D:1      | Reached skill level 4 in Ranged Weapons
  1210 | D:2      | Found Zear's Jewellery Shop.
  1216 | D:2      | 1216 ||| SHOPLISTING +6 ring of dexterity (504 gold, have
                  | 64).
  1216 | D:2      | 1216 ||| SHOPLISTING amulet "Zaifoti" {RegenMP +Blink rC+
                  | Int-2} (655 gold, have 64).
  1216 | D:2      | 1216 ||| SHOPLISTING amulet of faith (560 gold, have 64).
  1216 | D:2      | 1216 ||| SHOPLISTING ring of ice (350 gold, have 64).
  1216 | D:2      | 1216 ||| SHOPLISTING ring of poison resistance (280 gold,
                  | have 64).
  1216 | D:2      | 1216 ||| SHOPLISTING ring of protection from fire (350
                  | gold, have 64).
  1216 | D:2      | 1216 ||| SHOPLISTING ring of resist corrosion (280 gold,
                  | have 64).
  1216 | D:2      | 1216 ||| SHOPLISTING ring of see invisible (210 gold, have
                  | 64).
  1409 | D:2      | Reached skill level 1 in Armour
  1524 | D:2      | Reached XP level 4. HP: 25/36 MP: 4/4
  1653 | D:2      | 1653 ||| UPGRADING to amulet of regeneration.
  1658 | D:2      | 1658 ||| READING scroll labelled OKHLIC AJUE.
  1659 | D:2      | 1659 ||| READING scroll labelled LUAQAM XUGHI.
  1675 | D:3      | 1675 ||| PLANNING SEWER
  1680 | D:3      | 1680 ||| STAIRDANCE
  1757 | D:3      | Found a glowing drain.
  1758 | D:3      | 1758 ||| READING scroll labelled REIBED EHITWO.
  1789 | Sewer    | Entered a sewer
  1801 | Sewer    | 1801 ||| Stepping ~*~*~tactically~*~*~ (water).
  1833 | Sewer    | Reached skill level 5 in Ranged Weapons
  1839 | Sewer    | 1839 ||| Stepping ~*~*~tactically~*~*~ (water).
  1975 | Sewer    | 1975 ||| Stepping ~*~*~tactically~*~*~ (water).
  1999 | Sewer    | Noticed a bullfrog
  2000 | Sewer    | Noticed a bullfrog
  2005 | Sewer    | Killed a bullfrog
  2006 | Sewer    | Reached XP level 5. HP: 21/46 MP: 5/5
  2009 | Sewer    | HP: 10/46 [bullfrog (3)]
  2012 | Sewer    | Reached XP level 6. HP: 12/52 MP: 6/6
  2051 | Sewer    | 2051 ||| Stepping ~*~*~tactically~*~*~ (water).
  2061 | Sewer    | 2061 ||| Stepping ~*~*~tactically~*~*~ (water).
  2092 | Sewer    | 2092 ||| READING scroll of enchant weapon.
  2092 | Sewer    | 2092 ||| ENCHANTING +2 sling.
  2093 | Sewer    | Identified the ring of the Elephant {Wiz Str+2}
  2288 | Sewer    | 2288 ||| UPGRADING to ring of the Elephant {Wiz Str+2}.
  2289 | Sewer    | 2289 ||| UPGRADING to +5 ring of evasion.
  2290 | Sewer    | 2290 ||| READING 2 scrolls of identify.
  2290 | Sewer    | 2290 ||| IDENTIFYING clear potion
  2291 | Sewer    | 2291 ||| DROPPING potion of attraction.
  2311 | D:3      | 2311 ||| PLANNING D:1-11
  2324 | D:3      | Found a glowing golden altar of the Shining One.
  2377 | D:3      | Found an iron altar of Okawaru.
  2378 | D:3      | 2378 ||| PLANNING OKAWARU WORSHIP
  2378 | D:3      | 2378 ||| READING scroll labelled HIUDAA RYSEKI.
  2386 | D:3      | Became a worshipper of Warmaster Okawaru
  2387 | D:3      | 2387 ||| PLANNING D:1-11
  2808 | D:4      | 2808 ||| STAIRDANCE
  2819 | D:3      | 2819 ||| READING scroll labelled YDUV BUIGG.
  2820 | D:3      | 2820 ||| READING 2 scrolls of identify.
  2820 | D:3      | 2820 ||| IDENTIFYING blue potion
  2823 | D:4      | 2823 ||| STAIRDANCE
  2826 | D:3      | Reached skill level 6 in Ranged Weapons
  2842 | D:4      | 2842 ||| STAIRDANCE
  3181 | D:4      | Reached skill level 7 in Ranged Weapons
  3466 | D:4      | 3466 ||| READING scroll labelled ZOESHIZ PADUNK.
  3467 | D:4      | 3467 ||| READING 3 scrolls labelled IRILEA GIWU.
  3468 | D:4      | 3468 ||| DROPPING 2 scrolls of vulnerability.
  3482 | D:5      | Entered Level 5 of the Dungeon
  3713 | D:5      | Reached XP level 7. HP: 59/59 MP: 7/7
  3763 | D:5      | 3763 ||| Stepping ~*~*~tactically~*~*~ (outnumbered).
  3768 | D:5      | 3768 ||| FLEEEEING.
  3793 | D:5      | Reached * piety under Okawaru
  3794 | D:5      | 3794 ||| INVOKING Heroism.
  3797 | D:5      | HP: 3/59 [orc priest/divine providence (16)]
  4037 | D:5      | Reached skill level 8 in Ranged Weapons
  4037 | D:5      | 4037 ||| INVOKING Heroism.
  4038 | D:5      | 4038 ||| INVOKING Heroism.
  4048 | D:5      | Reached skill level 1 in Invocations
  4050 | D:5      | 4050 ||| INVOKING Heroism.
  4130 | D:5      | 4130 ||| INVOKING Heroism.
  4166 | D:5      | 4166 ||| INVOKING Heroism.
  4325 | D:5      | Reached skill level 3 in Armour
  4325 | D:5      | Reached XP level 8. HP: 63/68 MP: 8/8
  4330 | D:5      | Found a staircase to the Ecumenical Temple.
  4344 | D:5      | 4344 ||| INVOKING Heroism.
  4371 | D:5      | Reached skill level 9 in Ranged Weapons
  4396 | D:5      | Found a stormy altar of Qazlal.
  4495 | D:5      | 4495 ||| READING scroll labelled LISESIEHIN.
  4694 | D:6      | 4694 ||| INVOKING Heroism.
  4696 | D:6      | Reached skill level 3 in Dodging
  4724 | D:6      | 4724 ||| INVOKING Heroism.
  4727 | D:6      | Reached skill level 3 in Invocations
  5186 | D:6      | Reached skill level 6 in Fighting
  5194 | D:6      | 5194 ||| INVOKING Heroism.
  5233 | D:6      | 5233 ||| INVOKING Heroism.
  5264 | D:6      | 5264 ||| READING scroll labelled BELUOPNAXA.
  5268 | D:6      | 5268 ||| FLEEEEING.
  5269 | D:6      | 5269 ||| INVOKING Heroism.
  5283 | D:6      | Reached skill level 10 in Ranged Weapons
  5283 | D:6      | Reached XP level 9. HP: 32/75 MP: 9/11
  5395 | D:6      | Found a blossoming altar of Fedhas.
  5395 | D:6      | Found an opulent altar of Gozag.
  5403 | D:6      | Found a faded altar of an unknown god.
  5405 | D:6      | Found a faded altar of an unknown god.
  5407 | D:6      | Found a glowing silver altar of Zin.
  5596 | D:6      | 5596 ||| READING scroll labelled XOBBUBUHAI.
  5697 | D:6      | 5697 ||| READING 4 scrolls of identify.
  5697 | D:6      | 5697 ||| IDENTIFYING viscous emerald potion
  5698 | D:6      | 5698 ||| READING 3 scrolls of identify.
  5698 | D:6      | 5698 ||| IDENTIFYING inky potion
  5699 | D:6      | 5699 ||| READING 2 scrolls of identify.
  5699 | D:6      | 5699 ||| IDENTIFYING dark potion
  5700 | D:6      | 5700 ||| DROPPING potion of ambrosia.
  5913 | D:7      | 5913 ||| Stepping ~*~*~tactically~*~*~ (outnumbered).
  5915 | D:7      | 5915 ||| Stepping ~*~*~tactically~*~*~ (outnumbered).
  5919 | D:7      | 5919 ||| INVOKING Heroism.
  5941 | D:7      | Reached ** piety under Okawaru
  6204 | D:7      | Noticed Joseph
  6205 | D:7      | 6205 ||| FLEEEEING.
  6206 | D:7      | 6206 ||| FLEEEEING.
  6207 | D:7      | 6207 ||| FLEEEEING.
  6208 | D:7      | 6208 ||| FLEEEEING.
  6209 | D:7      | 6209 ||| FLEEEEING.
  6210 | D:7      | 6210 ||| FLEEEEING.
  6211 | D:7      | 6211 ||| FLEEEEING.
  6213 | D:7      | 6213 ||| FLEEEEING.
  6214 | D:7      | 6214 ||| FLEEEEING.
  6215 | D:7      | 6215 ||| FLEEEEING.
  6216 | D:7      | 6216 ||| FLEEEEING.
  6217 | D:7      | 6217 ||| FLEEEEING.
  6218 | D:7      | 6218 ||| FLEEEEING.
  6219 | D:7      | 6219 ||| FLEEEEING.
  6222 | D:7      | 6222 ||| STAIRDANCE
  6235 | D:6      | 6235 ||| UPGRADING to +0 steam dragon scales.
  6245 | D:6      | 6245 ||| DROPPING +0 ring mail.
  6246 | D:6      | 6246 ||| DRINKING 2 bubbling cyan potions.
  6247 | D:6      | 6247 ||| READING 2 scrolls of identify.
  6247 | D:6      | 6247 ||| IDENTIFYING fizzy emerald potion
  6248 | D:6      | 6248 ||| DROPPING potion of brilliance.
  6252 | D:7      | 6252 ||| STAIRDANCE
  6261 | D:7      | 6261 ||| STAIRDANCE
  6292 | D:7      | 6292 ||| STAIRDANCE
  6321 | D:7      | 6321 ||| STAIRDANCE
  6332 | D:7      | 6332 ||| STAIRDANCE
  6349 | D:7      | 6349 ||| FLEEEEING.
  6350 | D:7      | 6350 ||| STAIRDANCE
  6370 | D:7      | 6370 ||| STAIRDANCE
  6390 | D:7      | 6390 ||| STAIRDANCE
  6422 | D:7      | 6422 ||| STAIRDANCE
  6438 | D:7      | 6438 ||| STAIRDANCE
  6460 | D:7      | 6460 ||| STAIRDANCE
  6474 | D:7      | 6474 ||| STAIRDANCE
  6485 | D:7      | 6485 ||| STAIRDANCE
  6495 | D:7      | 6495 ||| STAIRDANCE
  6518 | D:7      | 6518 ||| STAIRDANCE
  6537 | D:7      | 6537 ||| STAIRDANCE
  6548 | D:7      | 6548 ||| STAIRDANCE
  6571 | D:7      | 6571 ||| STAIRDANCE
  6582 | D:7      | 6582 ||| STAIRDANCE
  6593 | D:7      | Killed Joseph
  6594 | D:7      | Reached skill level 11 in Ranged Weapons
  6723 | D:8      | Found a runed translucent door.
  6723 | D:8      | Noticed qw's ghost (novice GrHs)
  6823 | D:8      | 6823 ||| INVOKING Heroism.
  6894 | D:8      | 6894 ||| INVOKING Heroism.
  6898 | D:8      | 6898 ||| Stepping ~*~*~tactically~*~*~ (outnumbered).
  7265 | D:8      | 7265 ||| READING scroll labelled ITIWKUHEULL.
  7265 | D:8      | Identified a scroll of acquirement
  7265 | D:8      | 7265 ||| ACQUIRING +4 shortbow of flaming
  7265 | D:8      | Acquired a +4 shortbow of flaming
  7267 | D:8      | 7267 ||| SWAPPING to +4 shortbow of flaming.
  7268 | D:8      | 7268 ||| DROPPING +3 sling of flaming.
  7363 | D:9      | Noticed a two-headed ogre
  7364 | D:9      | 7364 ||| SWAPPING to +0 orcbow.
  7365 | D:9      | 7365 ||| INVOKING Heroism.
  7375 | D:9      | Killed a two-headed ogre
  7376 | D:9      | Reached skill level 12 in Ranged Weapons
  7376 | D:9      | Reached XP level 10. HP: 86/86 MP: 10/12
  7391 | D:9      | 7391 ||| DROPPING +4 shortbow of flaming.
  7420 | D:9      | Noticed Psyche
  7421 | D:9      | 7421 ||| INVOKING Heroism.
  7427 | D:9      | Killed Psyche
  7445 | D:9      | Found a staircase to the Lair.
  7458 | D:9      | Noticed Erolcha
  7459 | D:9      | 7459 ||| INVOKING Heroism.
  7493 | D:9      | Killed Erolcha
  7493 | D:9      | Reached *** piety under Okawaru
  7494 | D:9      | Reached skill level 9 in Fighting
  7556 | D:9      | 7556 ||| Stepping ~*~*~tactically~*~*~ (outnumbered).
  7627 | D:9      | 7627 ||| INVOKING Heroism.
  7634 | D:9      | 7634 ||| Stepping ~*~*~tactically~*~*~ (outnumbered).
  7648 | D:9      | Reached skill level 6 in Dodging
  7712 | D:9      | 7712 ||| Stepping ~*~*~tactically~*~*~ (outnumbered).
  7714 | D:9      | 7714 ||| INVOKING Heroism.
  7753 | D:9      | 7753 ||| INVOKING Heroism.
  7765 | D:9      | HP: 14/91 [yak (13)]
  7766 | D:9      | Reached skill level 13 in Ranged Weapons
  7766 | D:9      | 7766 ||| DRINKING potion of heal wounds.
  8105 | D:9      | 8105 ||| INVOKING Heroism.
  8176 | D:9      | Noticed Pikel
  8181 | D:9      | Killed Pikel
  8182 | D:9      | Reached skill level 14 in Ranged Weapons
  8435 | D:9      | Identified the +10 hand axe "Pauhocil" {freeze, *Rage rElec
                  | Int+2 SInv}
  8436 | D:9      | 8436 ||| PLANNING LAIR
  8436 | D:9      | 8436 ||| UPGRADING to +2 robe of cold resistance.
  8446 | D:9      | 8446 ||| DRINKING 2 silvery potions.
  8488 | Lair:1   | Entered Level 1 of the Lair of Beasts
  8593 | Lair:1   | Noticed a death yak
  8593 | Lair:1   | Noticed a death yak
  8593 | Lair:1   | Noticed a death yak
  8594 | Lair:1   | 8594 ||| INVOKING Heroism.
  8606 | Lair:1   | Killed a death yak
  8606 | Lair:1   | Reached **** piety under Okawaru
  8607 | Lair:1   | Reached XP level 11. HP: 76/97 MP: 11/13
  8614 | Lair:1   | HP: 24/97 [death yak (19)]
  8616 | Lair:1   | Slain by a death yak

Levels and vault maps discovered:
D:1:      giann_wishing_wells, layout_basic, serial_bayou_lagoon_a,
          hangedman_decor_riveting
D:2:      layout_rooms, serial_shops, nicolae_shop_hallway_plus,
          minmay_misc_feat_chi, minmay_three_crescents
D:3:      layout_basic, lemuel_crystal_altar, kennysheep_okawaru_gauntlet,
          portal_sewer_entry_a
D:4:      layout_gridville
D:5:      layout_loops_ring, nicolae_qazlal_beasts_of_the_sky, temple_fountains,
          grunt_decor_arrowhead, minmay_misc_feat_cross
D:6:      minmay_chambers_of_sixes, layout_loops_ring,
          chequers_temple_overflow_minitemple
D:7:      layout_cave_pools, minmay_misc_feat_pillars,
          hangedman_decor_clover_reticule, uniq_joseph
D:8:      layout_loops_ring, hellmonk_ghost_happy_afterlife
D:9:      layout_stronghold, lair_entry_dummy, evilmike_butchery, uniq_psyche,
          uniq_pikel, uniq_erolcha
Lair:1:   layout_layer_cave, basic_altar

Skill      XL: |  1  2  3  4  5  6  7  8  9 10 |
---------------+-------------------------------+-----
Ranged Weapons | 3 4 5 7 8 10 12 14 | 14.0
Fighting       | 2 4 5 6 7 9 |  9.6
Armour         | 1 3 |  3.1
Invocations    | 1 4 |  4.1
Dodging        | 3 5 7 |  7.0
Spellcasting   | |  1.0
Hexes          | |  2.0

Action                     |  1- 3 |  4- 6 |  7- 9 | 10-12 || total
---------------------------+-------+-------+-------+-------++-------
   Fire: Sling             |   125 |   267 |   330 |       ||   722
         Orcbow            |       |       |    10 |   229 ||   239
 Invoke: Heroism           |       |       |    15 |     7 ||    22
    Use: Scroll            |     3 |    10 |     8 |       ||    21
         Potion            |       |       |     1 |     2 ||     3
 Armour: Robe              |     5 |       |       |     1 ||     6
         Ring mail         |    16 |    66 |    46 |       ||   128
         Steam dragon scal |       |       |     1 |    11 ||    12
  Dodge: Dodged            |    43 |   107 |   138 |   108 ||   396

Table legend:
 A = Non-vault XP
 B = Vault XP
 C = Vault XP percentage of total XP
 D = Non-vault monster count
 E = Vault monster count
 F = Vault count percentage of total count
                 A         B        C        D         E       F
            +---------+---------+-------+---------+---------+-------
      Total |    8189 |    3281 |  28.6 |     177 |      46 |  20.6
            +---------+---------+-------+---------+---------+-------
        D:1 |      59 |       0 |   0.0 |      31 |       0 |   0.0
        D:2 |      26 |      22 |  45.8 |      15 |       6 |  28.6
        D:3 |     105 |      19 |  15.3 |      17 |       5 |  22.7
        D:4 |     208 |       0 |   0.0 |      16 |       0 |   0.0
        D:5 |     890 |     136 |  13.3 |      22 |       1 |   4.3
        D:6 |     688 |     569 |  45.3 |      15 |       6 |  28.6
        D:7 |     958 |     460 |  32.4 |      13 |       1 |   7.1
        D:8 |     347 |       0 |   0.0 |      10 |       0 |   0.0
        D:9 |    3327 |    1831 |  35.5 |      33 |       3 |   8.3
     Lair:1 |    1581 |       0 |   0.0 |       5 |       0 |   0.0
      Sewer |       0 |     244 | 100.0 |       0 |      24 | 100.0
            +---------+---------+-------+---------+---------+-------
